 Dungeon Crawl Stone Soup version 0.29.0-10-g45618ea6d2 (webtiles) character file.

Game seed: 6010707184623962915

2 pacmanke6689 the Grave Robber (level 1, 0/13 HPs)
             Began as a Mummy Necromancer on Sept 1, 2022.
             Slain by a kobold
             ... wielding a +0 dagger
              (1 damage)
             ... on level 1 of the Dungeon.
             The game lasted 00:01:05 (36 turns).

pacmanke6689 the Grave Robber (Mummy Necromancer)     Turns: 36, Time: 00:01:05

Health: 0/13       AC:  2    Str: 11    XL:     1   Next: 33%
Magic:  1/4        EV: 12    Int: 14    God:
Gold:   15         SH:  0    Dex: 12    Spells: 4/5 levels left

rFire   x . .      SeeInvis .   (no weapon)
rCold   + . .      Faith    .   (no shield)
rNeg    + + +      Spirit   .   a - +0 robe
rPois   ∞          Reflect  .   (no helmet)
rElec   .          Harm     .   (no cloak)
rCorr   .          Rampage  .   (no gloves)
Will    .....                   (no boots)
Stlth   ++........              (no amulet)
HPRegen 0.04/turn               (no ring)
MPRegen 0.09/turn               (no ring)

@: no status effects
A: cold resistance 1, negative energy resistance 3, torment resistance 2, heat
vulnerability 1, no potions
a: no special abilities


You were on level 1 of the Dungeon.
You visited 1 branch of the dungeon, and saw 1 of its levels.

You collected 15 gold pieces.

Inventory:

Armour
 a - a +0 robe (worn)


   Skills:
 + Level 1.5 Dodging
 + Level 1.5 Stealth
 + Level 2.8 Spellcasting
 + Level 4.0 Necromancy


You had 4 spell levels left.
You knew the following spells:

 Your Spells              Type           Power      Damage    Failure   Level
a - Necrotise             Necr           52%        1d6       4%          1

Your spell library contained the following spells:

 Spells                   Type           Power      Damage    Failure   Level
 Vampiric Draining        Necr           13%        2d6       12%         3
 Animate Dead             Necr           13%        N/A       38%         4
 Agony                    Necr           13%        N/A       75%         5


Dungeon Overview and Level Annotations

Branches:
Dungeon (1/15)

Altars:


Innate Abilities, Weirdness & Mutations

You are immune to poison.
Your flesh is cold resistant. (rC+)
You are immune to negative energy. (rN+++)
You are immune to unholy pain and torment.
You are vulnerable to heat. (rF-)
You do not drink.


Message History

Press: ? - help, Shift-Dir - straight line, f/p - hobgoblin
Aim: a hobgoblin (almost dead, chance to affect: 83%)
You miscast Necrotise.
You are very lightly contaminated with residual magic.
Nothing appears to happen.
The giant cockroach bites you but does no damage.
The giant cockroach barely misses you. The hobgoblin hits you.
Casting: Necrotise (safe; 4% risk of failure)
Confirm with . or Enter, or press ? or * to list all spells.
Aiming: Necrotise (safe; 4% risk of failure)
Press: ? - help, Shift-Dir - straight line, f/p - hobgoblin
Aim: a hobgoblin (almost dead, chance to affect: 83%)
The hobgoblin writhes in agony.
You kill the hobgoblin!
The dead are walking!
The giant cockroach bites you but does no damage.
You swap places.
The giant cockroach bites your hobgoblin skeleton.
The giant cockroach bites your hobgoblin skeleton.
Your hobgoblin skeleton closely misses the giant cockroach.
The giant cockroach bites your hobgoblin skeleton.
Your hobgoblin skeleton barely misses the giant cockroach.
The giant cockroach bites your hobgoblin skeleton.
Your hobgoblin skeleton is destroyed!
You hit the giant cockroach.
The giant cockroach is severely wounded.
The giant cockroach misses you.
Your magical contamination has completely faded away.
You closely miss the giant cockroach.
The giant cockroach is severely wounded.
The giant cockroach closely misses you.
You hit the giant cockroach.
You kill the giant cockroach!
You hit the kobold but do no damage. The kobold hits you with a +0 dagger.
You hit the kobold but do no damage. The kobold hits you with a +0 dagger.
* * * LOW HITPOINT WARNING * * *
You hit the kobold.
The kobold is severely wounded.
The kobold hits you with a +0 dagger.
You die...

#.PP P..## #..
♣w...# #..PPPw..#
#####
###.#P.....#
+...# ..... ...
#.<.# ##.###.#.#
#...# ##...gw...#
##'##
♣♣P.♣#K###.#
###'#####♣P♣.♣@.#
#......##..♣.♣###
+..>........P♣
#......#.♣..♣♣
########(..##
#.### .... ###.#
...


You could see a dart slug, a hobgoblin and a kobold.

Vanquished Creatures
  A giant cockroach (D:1)
  A hobgoblin (D:1)
2 creatures vanquished.

Vanquished Creatures (others)
  A plant (D:1)
1 creature vanquished.

Grand Total: 3 creatures vanquished

Notes
Turn   | Place    | Note
-------+----------+-------------------------------------------
     0 | D:1      | pacmanke6689 the Mummy Necromancer began the quest for the
                  | Orb.
     0 | D:1      | Reached XP level 1. HP: 13/13 MP: 4/4
    36 | D:1      | Slain by a kobold

Illustrated notes

Levels and vault maps discovered:
D:1:      dpeg_arrival_simpleton_b, layout_basic, serial_forest,
          infiniplex_forest_clump_curved, infiniplex_forest_straight_4,
          infiniplex_forest_corner_1, infiniplex_forest_end_3,
          infiniplex_forest_clump_C

Action                   || total
-------------------------++-------
Melee: Unarmed           ||     6
 Cast: Necrotise         ||     3
Armor: Robe              ||     2
Dodge: Dodged            ||     4
